 Dungeon Crawl Stone Soup version 0.25-a0-346-g140ab784a8 (webtiles) character file.

Game seed: 13843167494639486677, levelgen mode: classic

22602 Borgoz the Basher (level 13, 0/84 HPs)
             Began as a Gargoyle Fighter on Jan 1, 2020.
             Was a Priest of Makhleb.
             Killed from afar by a fire giant (33 damage)
             ... with a fireball
             ... on level 12 of the Dungeon.
             The game lasted 00:18:02 (10702 turns).

Borgoz the Basher (Gargoyle Fighter)               Turns: 10702, Time: 00:18:04

Health: 0/84       AC: 27    Str: 23    XL:     13   Next: 1%
Magic:  13/13      EV:  7    Int: 10    God:    Makhleb [***...]
Gold:   383        SH: 10    Dex: 10    Spells: 12/12 levels left

rFire    . . .     SeeInvis .   d - +4 mace
rCold    . . .     Gourm    .   c - +0 shield
rNeg     + . .     Faith    .   G - +3 plate armour
rPois    ∞         Spirit   .   (no helmet)
rElec    +         Reflect  .   (no cloak)
rCorr    .         Harm     .   (no gloves)
MR       .....                  (no boots)
Stlth    ..........             (no amulet)
HPRegen  0.24/turn              (no ring)
MPRegen  0.13/turn              (no ring)

@: no status effects
A: negative energy resistance 1, electricity resistance, unbreathing,
petrification resistance, rot immunity, AC +9
a: Minor Destruction, Lesser Servant of Makhleb, Renounce Religion


You were on level 12 of the Dungeon.
You worshipped Makhleb.
Makhleb was most pleased with you.
You were not hungry.

You visited 2 branches of the dungeon, and saw 13 of its levels.

You collected 608 gold pieces.
You spent 225 gold pieces at shops.

Inventory:

Hand Weapons
 d - a +4 mace (weapon)
 y - a +0 dire flail
Armour
 c - a +0 shield (worn)
 G - a +3 plate armour (worn)
Wands
 b - a wand of clouds (3)
 x - a wand of flame (70)
 B - a wand of iceblast (7)
Scrolls
 h - 3 scrolls of random uselessness {unknown}
 j - 5 scrolls of remove curse
 k - 3 scrolls of enchant armour {unknown}
 l - 4 scrolls of teleportation
 m - 3 scrolls of immolation {unknown}
 o - 2 scrolls of amnesia {unknown}
 p - 4 scrolls of enchant weapon {unknown}
 q - 3 scrolls of fear {unknown}
 r - 6 scrolls of blinking {unknown}
 z - 4 scrolls of magic mapping
 C - 2 scrolls of fog {unknown}
Potions
 a - 2 potions of magic
 e - 2 potions of curing
 i - 2 potions of lignification
 n - 2 potions of haste
 t - 4 potions of mutation
 u - 2 potions of flight
 v - 2 potions of resistance
 w - a potion of agility
 A - 2 potions of cancellation
 E - a potion of brilliance {unknown}
Comestibles
 f - 11 rations
 s - 17 chunks of flesh


   Skills:
 + Level 11.0 Fighting
 * Level 13.5 Maces & Flails
 + Level 11.1 Armour
 + Level 6.5 Dodging
 - Level 5.1 Shields


You had 12 spell levels left.
You didn't know any spells.
Your spell library contained the following spells:

 Spells                   Type           Power        Failure   Level  Hunger
 Beastly Appendage        Tmut           #.....       100%        1    ##.....
 Confusing Touch          Hex            #.....       100%        1    ##.....
 Corona                   Hex            #......      100%        1    ##.....
 Freeze                   Ice            #...         100%        1    ##.....
 Magic Dart               Conj           #...         100%        1    ##.....
 Sandblast                Erth           #.....       100%        1    ##.....
 Blink                    Tloc           N/A          100%        2    ###....
 Call Imp                 Summ           #.......     100%        2    ###....
 Ensorcelled Hibernation  Hex/Ice        #.....       100%        2    ###....
 Passwall                 Tmut/Erth      #.......     100%        2    ###....
 Slow                     Hex            #.......     100%        2    ###....
 Sticks to Snakes         Tmut           #.......     100%        2    ###....
 Confuse                  Hex            #.......     100%        3    ####...
 Conjure Flame            Conj/Fire      #.......     100%        3    ####...
 Dazzling Flash           Conj/Hex       #.....       100%        3    ####...
 Gell's Gravitas          Tloc           #.........   100%        3    ####...
 Mephitic Cloud           Conj/Pois/Air  #.......     100%        3    ####...
 Ozocubu's Armour         Chrm/Ice       #.......     100%        3    ####...
 Spider Form              Tmut/Pois      #.........   100%        3    ####...
 Stone Arrow              Conj/Erth      #.....       100%        3    ####...
 Tukima's Dance           Hex            #.......     100%        3    ####...
 Hailstorm                Conj/Ice       #.......     100%        4    #####..
 Ice Form                 Ice/Tmut       #.......     100%        4    #####..
 Petrify                  Tmut/Erth      #.......     100%        4    #####..
 Summon Ice Beast         Ice/Summ       #.......     100%        4    #####..
 Blade Hands              Tmut           #.........   100%        5    ######.
 Lee's Rapid Deconstruct  Erth           #.........   100%        5    ######.
 Metabolic Englaciation   Hex/Ice        #.........   100%        5    ######.
 Yara's Violent Unravell  Hex/Tmut       #.........   100%        5    ######.


Dungeon Overview and Level Annotations

Branches:
Dungeon (12/15)            Temple (1/1) D:5            Lair (0/6) D:11
    Orc (0/2) D:11

Altars:
Ashenzari
Cheibriados
Dithmenos
Elyvilon
Fedhas
Gozag
Hepliaklqana
Kikubaaqudgha
Makhleb
Nemelex Xobeh
Okawaru
Qazlal
Ru
Sif Muna
Trog
Uskayaw
Vehumet
Wu Jian
Xom
Yredelemnul
Zin
The Shining One

Shops:
D:8 ?   D:11 =   D:12 :


Innate Abilities, Weirdness & Mutations

You are resistant to torment.
Your stone body is resilient. (AC +9)
You are immune to poison.
You resist negative energy. (rN+)
You are resistant to electric shocks. (rElec)
You can survive without breathing.
You are immune to petrification.
You are immune to rotting.


Message History

The vampire mosquito bites you but does no damage.
The two-headed ogre hits you with a +0 giant club.
* * * LOW HITPOINT WARNING * * *
You block the two-headed ogre's attack.
You hit the cyclops.
You kill the cyclops!
Makhleb accepts your kill.
You feel better.
You have reached level 13!
The vampire mosquito barely misses you.
The vampire mosquito bites you but does no damage.
The two-headed ogre closely misses you.
The two-headed ogre hits you but does no damage.
Your plate armour prevents you from hitting the two-headed ogre.
The two-headed ogre is lightly wounded.
Your surroundings suddenly seem different.
A fire giant comes into view.
It is wielding a +1 great sword of flaming.
The fire giant points at you and mumbles some strange words.
The fireball explodes!
The fireball engulfs you!!
You die...

#####.##
######.......
##..... ..#
........#
#..... ....
.......#
...!... ...
.......#
..###+# .
....... ..
..#####....###.
#...........^.
#.............
#.....@.......
#......##.....
#.C....# ...
#......# .
#......#
#......#
########


You could see a fire giant.

Vanquished Creatures
  Erolcha (D:10)
  Harold (D:11)
  6 two-headed ogres
  Sonja (D:11)
  An unseen horror (D:11)
  A manticore (D:11)
  2 cyclopes (D:12)
  Joseph (D:7)
  A troll (D:11)
  A polar bear (D:9)
  Prince Ribbit (D:7)
  Sigmund (D:5)
  A hippogriff (D:7)
  2 yaks
  3 hogs (D:7)
  A human (D:7)
  4 fire bats (D:8)
  2 hungry ghosts (D:7)
  3 wargs (D:11)
  A hell hound (D:8)
  An acid dragon (D:12)
  4 ice beasts
  2 orc warriors (D:11)
  2 phantoms (D:11)
  7 ogres
  2 wolves (D:9)
  10 centaurs
  A big kobold (D:7)
  A bullfrog (D:6)
  A wyvern skeleton (D:12)
  4 scorpions
  10 wights
  4 howler monkeys
  3 crimson imps
  A bullfrog zombie (D:5)
  4 centaur zombies
  3 jellies
  A centaur skeleton (D:11)
  3 bullfrog skeletons
  4 orc priests
  2 hounds
  Ijyb (D:5)
  5 orc wizards
  3 iguanas
  2 worker ants
  A hound zombie (D:10)
  A hound skeleton (D:7)
  A killer bee simulacrum (D:9)
  17 gnolls
  10 adders
  3 shadow imps
  4 white imps (D:9)
  An ufetubus (D:9)
  An ooze (D:4)
  2 adder skeletons
  4 worms
  A dart slug (D:3)
  5 leopard geckos
  24 orcs
  2 ball pythons
  4 giant cockroaches
  10 goblins
  8 hobgoblins
  15 jackals
  6 quokkas
  9 bats
  5 frilled lizards
  A jackal zombie (D:5)
  13 kobolds
  6 rats
270 creatures vanquished.

Vanquished Creatures (others)
  Maurice (D:8)
  A leopard gecko (D:5)
  A fire vortex (D:8)
  5 plants (D:12)
8 creatures vanquished.

Grand Total: 278 creatures vanquished

Notes
Turn   | Place    | Note
-------+----------+-------------------------------------------
     0 | D:1      | Borgoz the Gargoyle Fighter began the quest for the Orb.
     0 | D:1      | Reached XP level 1. HP: 14/14 MP: 1/1
   287 | D:1      | Reached XP level 2. HP: 17/19 MP: 2/2
   482 | D:1      | Reached XP level 3. HP: 21/23 MP: 3/3
   790 | D:2      | Reached skill level 3 in Maces & Flails
  1131 | D:2      | Reached XP level 4. HP: 24/29 MP: 4/4
  1954 | D:3      | Reached XP level 5. HP: 19/33 MP: 5/5
  2270 | D:3      | Reached skill level 4 in Maces & Flails
  2542 | D:4      | Found a radiant altar of Vehumet.
  2762 | D:4      | Reached XP level 6. HP: 39/39 MP: 6/6
  3318 | D:5      | Entered Level 5 of the Dungeon
  3331 | D:5      | Reached skill level 5 in Maces & Flails
  3369 | D:5      | Noticed Ijyb
  3376 | D:5      | Killed Ijyb
  3376 | D:5      | Reached skill level 5 in Armour
  3381 | D:5      | Reached skill level 5 in Fighting
  3381 | D:5      | Reached XP level 7. HP: 27/44 MP: 7/7
  3937 | D:5      | Noticed Sigmund
  3960 | D:5      | Killed Sigmund
  3960 | D:5      | Reached skill level 6 in Maces & Flails
  3961 | D:5      | Found a staircase to the Ecumenical Temple.
  4213 | Temple   | Entered the Ecumenical Temple
  4313 | Temple   | Became a worshipper of Makhleb the Destroyer
  4588 | D:6      | Found a shimmering altar of Xom.
  4694 | D:6      | Reached XP level 8. HP: 36/51 MP: 8/8
  4972 | D:7      | Reached skill level 7 in Maces & Flails
  5167 | D:7      | Noticed a hippogriff
  5170 | D:7      | Noticed Joseph
  5197 | D:7      | Killed a hippogriff
  5206 | D:7      | Reached skill level 8 in Maces & Flails
  5229 | D:7      | Killed Joseph
  5229 | D:7      | Reached XP level 9. HP: 25/57 MP: 9/9
  5441 | D:7      | Found a white marble altar of Elyvilon.
  5591 | D:7      | Noticed Prince Ribbit
  5604 | D:7      | Killed Prince Ribbit
  5604 | D:7      | Reached skill level 9 in Maces & Flails
  5729 | D:7      | Reached * piety under Makhleb
  6074 | D:7      | Reached skill level 10 in Maces & Flails
  6074 | D:7      | Reached XP level 10. HP: 64/64 MP: 10/10
  6351 | D:8      | Noticed Maurice
  6399 | D:8      | Reached skill level 1 in Dodging
  6461 | D:8      | Found the -2 hat of the Alchemist {rElec rPois rF+ rC+ rN+
                  | MR+ rMut rCorr}
  6484 | D:8      | Reached ** piety under Makhleb
  6529 | D:8      | Killed Maurice
  6758 | D:8      | Found Icuarrem's Magic Scroll Shoppe.
  6809 | D:8      | Found a shadowy altar of Dithmenos.
  7010 | D:8      | Bought a scroll of identify for 30 gold pieces
  7010 | D:8      | Bought a scroll of remove curse for 45 gold pieces
  7016 | D:8      | Bought a scroll of identify for 30 gold pieces
  7016 | D:8      | Bought 2 scrolls of identify for 60 gold pieces
  7016 | D:8      | Bought 2 scrolls of identify for 60 gold pieces
  7805 | D:9      | Noticed a two-headed ogre
  7816 | D:9      | Killed a two-headed ogre
  7816 | D:9      | Reached skill level 11 in Maces & Flails
  8325 | D:10     | Entered Level 10 of the Dungeon
  8366 | D:10     | Reached XP level 11. HP: 71/71 MP: 11/11
  8377 | D:10     | Reached skill level 10 in Fighting
  8377 | D:10     | Reached skill level 12 in Maces & Flails
  8377 | D:10     | Reached skill level 10 in Armour
  8377 | D:10     | Reached skill level 5 in Dodging
  8377 | D:10     | Reached XP level 12. HP: 77/77 MP: 12/12
  8399 | D:10     | Noticed Erolcha
  8414 | D:10     | Killed Erolcha
  8414 | D:10     | Reached skill level 5 in Shields
  8866 | D:11     | Found Qihoblioza's Jewellery Emporium.
  9056 | D:11     | Found a staircase to the Lair.
  9155 | D:11     | Found a bloodstained altar of Trog.
  9165 | D:11     | Noticed Sonja
  9182 | D:11     | Killed Sonja
  9182 | D:11     | Reached *** piety under Makhleb
  9692 | D:11     | Found a staircase to the Orcish Mines.
  9831 | D:11     | Noticed Harold
  9849 | D:11     | Killed Harold
 10067 | D:12     | Noticed a two-headed ogre
 10176 | D:11     | Killed a two-headed ogre
 10176 | D:11     | Reached skill level 13 in Maces & Flails
 10335 | D:12     | Noticed a two-headed ogre
 10337 | D:12     | Noticed a two-headed ogre
 10372 | D:12     | Killed a two-headed ogre
 10383 | D:12     | Killed a two-headed ogre
 10444 | D:12     | Noticed a two-headed ogre
 10445 | D:12     | Noticed a two-headed ogre
 10478 | D:12     | Killed a two-headed ogre
 10488 | D:12     | Killed a two-headed ogre
 10661 | D:12     | Found Ziukhlos's Book Shoppe.
 10675 | D:12     | Noticed a two-headed ogre
 10701 | D:12     | Reached XP level 13. HP: 33/84 MP: 13/13
 10702 | D:12     | Killed from afar by a fire giant

Levels and vault maps discovered:
D:1:      onia_arrival_pentagram, layout_rooms
D:2:      layout_loops_ring, first_ration, chequers_big_river,
          kennysheep_nondescript
D:3:      layout_rooms
D:4:      layout_loops_ring, vehumet_altar_wand_db
D:5:      layout_basic, minmay_temple_entry_drinking_statues, uniq_sigmund,
          uniq_ijyb
D:6:      layout_rooms, kennysheep_cross_room, lemuel_statue_altar
D:7:      layout_loops_cross, grunt_livestock, elyvilon_altar_1,
          uniq_prince_ribbit1, uniq_joseph
D:8:      layout_rooms, serial_shops, shop, basic_altar, hangedman_incinerator,
          uniq_maurice
D:9:      layout_loops_ring, serial_ice, serial_ice_j, serial_ice_e,
          serial_ice_g, serial_ice_c
D:10:     layout_loops_cross, uniq_erolcha
D:11:     layout_loops_ring, erik_lair_orcish_takeover, erik_orc_3,
          serial_shops, shop, basic_altar, uniq_harold, uniq_sonja
D:12:     cheibrodos_monumental, layout_basic, serial_shops, shop_statue
Temple:   kilobyte_greek_temple

Skill      XL: |  1  2  3  4  5  6  7  8  9 10 11 12 |
---------------+-------------------------------------+-----
Maces & Flails | 3 4 5 6 8 10 11 12 13 | 13.5
Armour         | 4 5 7 8 9 10 11 | 11.1
Fighting       | 4 5 7 8 9 10 11 | 11.0
Dodging        | 2 5 6 |  6.5
Shields        | 4 5 |  5.1

Action                   |  1- 3 |  4- 6 |  7- 9 | 10-12 | 13-15 || total
-------------------------+-------+-------+-------+-------+-------++-------
Melee: Flail             |   168 |   292 |   259 |       |       ||   719
       Mace              |       |       |    88 |   729 |     1 ||   818
Throw: Throwing net      |       |       |       |     1 |       ||     1
Evoke: Wand              |       |       |       |     5 |       ||     5
  Use: Potion            |       |     1 |     1 |    12 |       ||    14
       Scroll            |       |       |       |    16 |       ||    16
  Eat: Chunk             |     1 |     7 |     9 |    13 |       ||    30
       Ration            |       |       |     6 |     1 |       ||     7
Armor: Scale mail        |   140 |    57 |       |       |       ||   197
       Plate armour      |       |   195 |   228 |   394 |     2 ||   819
Dodge: Dodged            |    72 |    92 |    54 |   163 |     2 ||   383
Block: Shield            |   115 |   175 |   137 |   274 |       ||   701

Table legend:
 A = Non-vault XP
 B = Vault XP
 C = Vault XP percentage of total XP
 D = Non-vault monster count
 E = Vault monster count
 F = Vault count percentage of total count
                 A         B        C        D         E       F
            +---------+---------+-------+---------+---------+-------
      Total |    9480 |   13652 |  59.0 |     209 |      61 |  22.6
            +---------+---------+-------+---------+---------+-------
        D:1 |      38 |       0 |   0.0 |      24 |       0 |   0.0
        D:2 |      83 |       0 |   0.0 |      26 |       0 |   0.0
        D:3 |     106 |       0 |   0.0 |      30 |       0 |   0.0
        D:4 |     227 |       2 |   0.9 |       5 |       1 |  16.7
        D:5 |     386 |     256 |  39.9 |      10 |       2 |  16.7
        D:6 |     314 |       0 |   0.0 |       5 |       0 |   0.0
        D:7 |    1553 |    1767 |  53.2 |      27 |       7 |  20.6
        D:8 |    1275 |     935 |  42.3 |      30 |       5 |  14.3
        D:9 |    1225 |     934 |  43.3 |      16 |      11 |  40.7
       D:10 |     247 |    1079 |  81.4 |       5 |       1 |  16.7
       D:11 |    2965 |    4050 |  57.7 |      19 |      28 |  59.6
       D:12 |    1061 |    4629 |  81.4 |      12 |       6 |  33.3
            +---------+---------+-------+---------+---------+-------
